 Dungeon Crawl Stone Soup version 0.22.0 (webtiles) character file.

93 Matudinoluver the Shield-Bearer (level 4, -2/35 HPs)
             Began as a Human Fighter on Nov 15, 2018.
             Was an Initiate of Makhleb.
             Slain by a sky beast (5 damage)
             ... on level 3 of the Dungeon.
             The game lasted 00:15:29 (1822 turns).

Matudinoluver the Shield-Bearer (Human Fighter)     Turns: 1822, Time: 00:15:29

Health: -2/35      AC:  9    Str: 17    XL:     4   Next: 92%
Magic:  4/4        EV:  8    Int:  8    God:    Makhleb [......]
Gold:   105        SH: 10    Dex: 13    Spells: 3/3 levels left

rFire    . . .     SeeInvis .   r - +1 mace (holy)
rCold    . . .     Gourm    .   c - +1 shield
rNeg     . . .     Faith    .   g - +1 ring mail
rPois    .         Spirit   .   (no helmet)
rElec    .         Reflect  .   (no cloak)
rCorr    +         Harm     .   (no gloves)
MR       .....     Rnd*Tele +   h - +2 pair of boots
Stlth    +.........             (no amulet)
HPRegen  0.11/turn              e - ring of resist corrosion
MPRegen  0.09/turn              t - ring of teleportation (curse)

@: no status effects
A: iridescent scales 1, deformed body, screaming 1
a: Renounce Religion


You were on level 3 of the Dungeon.
You worshipped Makhleb.
Makhleb was noncommittal.
You were hungry.

You visited 1 branch of the dungeon, and saw 3 of its levels.

You collected 105 gold pieces.

Inventory:

Hand Weapons
 a - a +0 war axe
 r - a +1 mace of holy wrath (weapon)
Armour
 b - a +0 scale mail
 c - a +1 shield (worn)
 g - a +1 ring mail (worn)
 h - a +2 pair of boots (worn)
 k - a +0 leather armour of fire resistance
Jewellery
 e - a ring of resist corrosion (left hand)
 t - a cursed ring of teleportation (right hand)
Wands
 q - a wand of clouds (3)
Scrolls
 m - 2 scrolls of identify
 n - 3 scrolls of magic mapping
Comestibles
 f - 3 rations
 i - 6 chunks of flesh


   Skills:
 + Level 3.4 Fighting
 + Level 3.1 Axes
 + Level 3.4 Armour
 + Level 0.9 Dodging
 + Level 0.1 Stealth
 + Level 3.5 Shields


You had 3 spell levels left.
You didn't know any spells.
Your spell library was empty.

Dungeon Overview and Level Annotations

Branches:
Dungeon (3/15)

Altars:
Makhleb
Xom


Innate Abilities, Weirdness & Mutations

You are partially covered in iridescent scales. (AC +2)
Armour fits poorly on your strangely shaped body.
You occasionally shout uncontrollably at your foes.


Message History

Press: ? - help, Shift-Dir - straight line, f - sky beast
Aim: a sky beast (rain, moderately wounded)
You throw a throwing net. The throwing net hits the sky beast.
The sky beast is caught in the net!
The sky beast is moderately wounded.
The sky beast struggles against the net.
You hit the sky beast.
The sky beast is moderately wounded.
The sky beast struggles against the net.
The sky beast flickers out of sight!
Deactivating autopickup; reactivate with Ctrl-A.
Something wriggles in the net.
You hit something.
Something wriggles in the net.
All of a sudden the net rips apart!
You closely miss something. Something hits you but does no damage.
Your shield and ring mail prevent you from hitting something.
Something hits you.
* * * LOW HITPOINT WARNING * * *
Something shocks you.
You die...

.## ######..
...... #.... ...
#####'####
#........#
#........####
#...@{.....(#
#†.......##.####
#.÷......##.##..
#........##.##.#
##.......##.##.#
#.......##'##.#
#.............#
#...........###
#######.....# .


There were no monsters in sight!

Vanquished Creatures
  4 gnolls (D:2)
  An adder (D:2)
  2 worms
  A dart slug (D:1)
  3 leopard geckos (D:3)
  An orc (D:3)
  2 bats (D:2)
  A bat zombie (D:1)
  A giant cockroach (D:2)
  3 hobgoblins
  7 kobolds
  A quokka (D:2)
  2 ball pythons (D:3)
  3 frilled lizards
  A goblin (D:3)
  A leopard gecko zombie (D:1)
  2 rats
36 creatures vanquished.

Notes
Turn   | Place    | Note
-------+----------+-------------------------------------------
     0 | D:1      | Matudinoluver the Human Fighter began the quest for the Orb.
     0 | D:1      | Reached XP level 1. HP: 18/18 MP: 1/1
   555 | D:1      | Reached XP level 2. HP: 19/24 MP: 2/2
   940 | D:2      | Found a shimmering altar of Xom.
   950 | D:2      | Became a worshipper of Xom of Enforced Whimsey
  1075 | D:2      | Reached XP level 3. HP: 16/29 MP: 3/3
  1345 | D:2      | Found a burning altar of Makhleb.
  1362 | D:2      | Fell from the grace of Xom
  1362 | D:2      | Became a worshipper of Makhleb the Destroyer
  1403 | D:2      | Reached XP level 4. HP: 31/35 MP: 4/4
  1516 | D:2      | XOM: give mutation
  1516 | D:2      | Gained mutation: You are weak. (Str -2) [Xom's mischief]
  1642 | D:3      | Lost mutation: You are weak. (Str -2) [potion of mutation]
  1642 | D:3      | Gained mutation: Armour fits poorly on your strangely shaped body. [potion of mutation]
  1642 | D:3      | Gained mutation: You occasionally shout uncontrollably at your foes. [potion of mutation]
  1642 | D:3      | Gained mutation: You are partially covered in iridescent scales. (AC +2) [potion of mutation]
  1803 | D:3      | Noticed a sky beast
  1822 | D:3      | Slain by a sky beast

Skill      XL: |  1  2  3  4 |
---------------+-------------+-----
Axes           | 3 |  3.1
Fighting       | |  3.4
Armour         | |  3.4
Dodging        | |  0.9
Stealth        | |  0.1
Shields        | |  3.5

Action                   |  1- 3 |  4- 6 || total
-------------------------+-------+-------++-------
Melee: War axe           |    53 |    18 ||    71
       Mace              |       |    24 ||    24
Throw: Throwing net      |       |     2 ||     2
  Use: Scroll            |     3 |     5 ||     8
       Potion            |     3 |     4 ||     7
  Eat: Chunk             |     1 |     1 ||     2
Armor: Scale mail        |    14 |       ||    14
       Ring mail         |    10 |    24 ||    34
Dodge: Dodged            |    19 |    19 ||    38
Block: Shield            |    43 |    26 ||    69
